 Dungeon Crawl Stone Soup version 0.25-a0-576-g50b708a4c4 (webtiles) character file.

Game seed: 3336400746103959393, levelgen mode: deterministic

37780 Flugslaktarn the Cleaver (level 13, -4/121 HPs)
             Began as a Deep Dwarf Fighter on Mar 1, 2020.
             Was a High Priest of Makhleb.
             Slain by an orc warrior
             ... wielding a +0 hand axe
              (5 damage)
             ... on level 2 of the Orcish Mines.
             The game lasted 00:09:00 (10135 turns).

Flugslaktarn the Cleaver (Deep Dwarf Fighter)      Turns: 10135, Time: 00:09:01

Health: -4/121     AC: 15    Str: 37      XL:     13   Next: 60%
Magic:  3/3        EV:  7    Int:  8 (9)  God:    Makhleb [*****.]
Gold:   1504       SH: 13    Dex: 12      Spells: 12/12 levels left

rFire    + . .     SeeInvis +   a - +1 war axe
rCold    + . .     Gourm    .   c - +0 kite shield
rNeg     . . .     Faith    .   n - +8 plate armour of Muemopso {Str+6 SInv}
rPois    .         Spirit   .   F - +1 hat
rElec    .         Reflect  .   C - scarf {rC+ rF+}
rCorr    .         Harm     .   h - +0 pair of gloves
MR       ++...                  g - +2 pair of boots
Stlth    ..........             G - amulet of the acrobat
HPRegen  0.00/turn              O - +6 ring of strength
MPRegen  0.08/turn              m - ring of protection from magic

@: corroded, non-regenerating, heavily drained
A: damage resistance, heal wounds, blurry vision 1, sense surroundings 2, no
regeneration
a: Heal Wounds, Minor Destruction, Lesser Servant of Makhleb, Major Destruction,
Greater Servant of Makhleb, Renounce Religion


You were on level 2 of the Orcish Mines.
You worshipped Makhleb.
Makhleb was extremely pleased with you.
You were not hungry.

You visited 4 branches of the dungeon, and saw 19 of its levels.

You collected 1504 gold pieces.

Inventory:

Hand Weapons
 a - a +1 war axe (weapon)
Missiles
 b - a throwing net (quivered)
Armour
 c - a +0 kite shield (worn)
 g - a +2 pair of boots (worn)
   (You found it on level 5 of the Dungeon)
 h - a +0 pair of gloves (worn)
   (You found it on level 6 of the Dungeon)
 n - the +8 plate armour of Muemopso (worn) {Str+6 SInv}
   (You found it on level 3 of the Lair of Beasts)

   It affects your strength (+6).
   It lets you see invisible.
   If you remove this armour, your AC will decrease by 21 (15 -> -6).
 o - a +0 cloak
   (You found it on level 4 of the Dungeon)
 x - a +0 plate armour
   (You took it off an orc warrior on level 9 of the Dungeon)
 C - a scarf of resistance (worn)
   (You found it on level 1 of the Lair of Beasts)
 F - a +1 hat (worn)
   (You found it on level 9 of the Dungeon)
Jewellery
 f - an uncursed ring of protection from fire
   (You found it on level 2 of the Lair of Beasts)
 i - an uncursed ring of see invisible
   (You found it on level 5 of the Lair of Beasts)
 m - a ring of protection from magic (right hand)
   (You found it on level 5 of the Lair of Beasts)
 G - an amulet of the acrobat (around neck)
   (You found it on level 3 of the Lair of Beasts)
 O - a +6 ring of strength (left hand)
   (You found it on level 4 of the Dungeon)
Wands
 v - a wand of digging (5)
   (You found it on level 5 of the Lair of Beasts)
 B - a wand of paralysis (14)
   (You found it on level 8 of the Dungeon)
Scrolls
 j - 4 scrolls of enchant weapon
 r - 3 scrolls of identify
 s - a scroll of holy word
 t - 4 scrolls of teleportation
 u - a scroll of vulnerability
 y - 2 scrolls of magic mapping
 z - 3 scrolls of blinking
 A - 3 scrolls of fog
 E - a scroll of silence
 I - a scroll of summoning
 J - a scroll of brand weapon
 M - 4 scrolls of remove curse
Potions
 d - 2 potions of might
 k - 2 potions of lignification
 p - a potion of flight
 q - a potion of curing
 w - 2 potions of heal wounds
 D - 3 potions of brilliance
 H - a potion of haste {unknown}
 K - a potion of ambrosia
 L - a potion of resistance {unknown}
 P - a potion of invisibility {unknown}
Comestibles
 e - 30 rations


   Skills:
 + Level 9.5(7.2) Fighting
 * Level 14.8(12.1) Axes
 + Level 11.3(8.8) Armour
 + Level 11.2(8.7) Shields
 + Level 11.5(9.1) Invocations


You had 12 spell levels left.
You didn't know any spells.
Your spell library was empty.

Dungeon Overview and Level Annotations

Branches:
Dungeon (10/15)            Temple (1/1) D:5            Lair (6/6) D:9
 Shoals (0/4) Lair:3        Snake (0/4) Lair:3        Slime (0/5) Lair:5
    Orc (2/2) D:10            Elf (0/3) Orc:2

Altars:
Ashenzari
Hepliaklqana
Makhleb
Okawaru
Qazlal
Ru
Sif Muna
Trog
Uskayaw
Vehumet
Xom
Yredelemnul
Zin
The Shining One
Jiyva

Shops:
Orc:2 [[*

Annotations:
Lair:3 exclusion: 2 oklob plants
Lair:4 exclusion: 4 oklob plants
Lair:6 exclusion: oklob plant


Innate Abilities, Weirdness & Mutations

You are resistant to damage.
You can heal yourself by infusing magical energy.
You passively map the area around you.
You do not regenerate.
Scrolls take you a little longer to read.


Message History

The orc high priest invokes the aid of Beogh against you.
Beogh smites you!
* * * LOW HITPOINT WARNING * * *
The orc priest hits you but does no damage.
You block the orc high priest's attack.
The orc warrior hits you with a +0 hand axe!
* * * LOW HITPOINT WARNING * * *
The orc priest calls upon Beogh to heal the orc high priest.
The orc high priest is healed somewhat.
Really read with blurry vision while enemies are nearby?
You begin reading the scroll.
You continue reading the scroll.
The orc warrior cheers to no one in particular.
The orc warrior hits you with a +0 war axe!
* * * LOW HITPOINT WARNING * * *
The orc priest mumbles some strange prayers to Beogh against you.
Beogh smites you!
* * * LOW HITPOINT WARNING * * *
You block the orc priest's attack.
The orc warrior hits you with a +0 hand axe.
You die...

#.......#..## ###
##.#...#....###.#####
##....###..###...##.##
#......#.....#..##....
##.....##.......##4o..
##.#....##.o..###ooo.
##.#...o..#....#.3oo##
#...oooo..#......o)###
##...@o..........ยง.#
#.....4o.......<..##
##............#...##
##.................#
#.................####
#..................#.#
##...........#.##.....
#........>.......).#.#
##....................


You could see 2 orc high priests, a rust devil, 2 orc warriors, 2 orc priests
and an orc.

Vanquished Creatures
  An ettin (Orc:2)
  5 hydras
  An orc high priest (Orc:2)
  Sonja (Orc:2)
  3 orc sorcerers (Orc:2)
  3 black mambas
  10 elephants
  9 spiny frogs
  Joseph (D:7)
  2 rime drakes
  5 komodo dragons
  3 trolls
  2 polar bears
  11 blink frogs
  6 hippogriffs
  5 dream sheep (Lair:6)
  A spriggan (D:8)
  7 wyverns
  A basilisk (Lair:3)
  31 yaks
  A steam dragon (D:9)
  A hungry ghost (D:8)
  2 wargs
  6 porcupines
  9 water moccasins
  2 ice beasts
  10 orc warriors
  A black bear (D:7)
  A phantom (Temple)
  3 centaurs
  5 wolves (Lair:6)
  4 ogres
  11 crocodiles
  2 big kobolds
  9 bullfrogs
  6 scorpions
  24 killer bees
  An electric eel (Lair:6)
  4 howler monkeys (D:6)
  2 crimson imps
  A quasit (D:8)
  A jelly (D:7)
  A centaur zombie (D:9)
  7 hounds
  10 orc priests
  2 bullfrog skeletons
  Natasha (thrice) (D:4)
  2 iguanas (D:9)
  13 orc wizards
  9 worker ants
  A hound skeleton (D:4)
  3 gnolls (D:7)
  5 adders
  2 shadow imps
  An ooze (D:4)
  3 adder skeletons
  2 adder zombies
  2 dart slugs
  7 leopard geckos
  38 orcs
  A ball python (D:8)
  A giant cockroach (D:6)
  A goblin (D:1)
  11 jackals
  10 kobolds
  3 quokkas
  A ball python skeleton (D:5)
  A bat (D:2)
  A frilled lizard (D:4)
  A leopard gecko zombie (D:7)
  A quokka zombie (D:5)
  3 fungi (Lair:6)
360 creatures vanquished.

Vanquished Creatures (collateral kills)
  5 hydras
  3 blink frogs (Lair:5)
  An orc warrior (Orc:2)
  An ogre (Orc:2)
  3 killer bees (D:10)
  An orc wizard (D:10)
  A worker ant (D:10)
  An adder (D:10)
  5 orcs (Orc:2)
21 creatures vanquished.

Vanquished Creatures (others)
  A wizard (D:9)
  A sky beast (D:7)
  2 fungi
  4 plants
8 creatures vanquished.

Grand Total: 389 creatures vanquished

Notes
Turn   | Place    | Note
-------+----------+-------------------------------------------
     0 | D:1      | Flugslaktarn the Deep Dwarf Fighter began the quest for the
                  | Orb.
     0 | D:1      | Reached XP level 1. HP: 20/20 MP: 1/1
   112 | D:3      | Reached XP level 2. HP: 24/27 MP: 2/2
   156 | D:4      | Noticed Natasha
   160 | D:4      | Noticed a crimson imp
   165 | D:4      | Killed Natasha
   165 | D:4      | Reached skill level 3 in Axes
   165 | D:4      | Reached XP level 3. HP: 34/34 MP: 2/2
   250 | D:4      | Noticed an ogre
   256 | D:4      | Killed an ogre
   256 | D:4      | Reached XP level 4. HP: 26/42 MP: 3/3
   291 | D:4      | Reached skill level 4 in Axes
   291 | D:4      | Reached XP level 5. HP: 48/49 MP: 4/4
   314 | D:4      | Noticed Natasha
   319 | D:4      | Killed Natasha
   474 | D:4      | Reached XP level 6. HP: 45/57 MP: 5/5
   504 | D:4      | Noticed Natasha
   518 | D:4      | Killed Natasha
   590 | D:4      | Reached skill level 5 in Axes
   878 | D:5      | Entered Level 5 of the Dungeon
   910 | D:5      | Found a shimmering altar of Xom.
   948 | D:5      | Reached XP level 7. HP: 59/64 MP: 5/5
  1175 | D:5      | Reached skill level 5 in Armour
  1175 | D:5      | Reached skill level 5 in Shields
  1271 | D:5      | Reached skill level 6 in Axes
  1278 | D:5      | Found a staircase to the Ecumenical Temple.
  1302 | Temple   | Entered the Ecumenical Temple
  1357 | Temple   | Became a worshipper of Makhleb the Destroyer
  1569 | D:5      | Reached skill level 1 in Invocations
  1673 | D:6      | Reached XP level 8. HP: 50/73 MP: 6/6
  1696 | D:6      | Found a shattered altar of Ashenzari.
  1777 | D:6      | Reached skill level 7 in Axes
  1905 | D:6      | Reached skill level 5 in Fighting
  1912 | D:6      | Reached * piety under Makhleb
  2005 | D:6      | You fall into a shaft and drop 1 floor!
  2006 | D:7      | Noticed a hippogriff
  2014 | D:7      | Reached skill level 8 in Axes
  2019 | D:7      | Killed a hippogriff
  2019 | D:7      | Gained mutation: You passively map the area around you.
                  | [Deep Dwarf growth]
  2019 | D:7      | Reached XP level 9. HP: 36/81 MP: 6/6
  2064 | D:7      | Noticed Joseph
  2102 | D:7      | Killed Joseph
  2510 | D:6      | Found a shimmering blue altar of Sif Muna.
  2619 | D:7      | Reached ** piety under Makhleb
  2624 | D:7      | Reached skill level 9 in Axes
  2624 | D:7      | Reached skill level 5 in Invocations
  3224 | D:8      | Noticed a seven-headed hydra
  3251 | D:8      | Killed an eight-headed hydra
  3251 | D:8      | Reached XP level 10. HP: 37/91 MP: 7/7
  3293 | D:8      | Found a stormy altar of Qazlal.
  3417 | D:8      | Reached skill level 10 in Axes
  3483 | D:8      | Found a glowing golden altar of the Shining One.
  4281 | D:9      | Found an iron altar of Okawaru.
  4310 | D:9      | Reached *** piety under Makhleb
  4395 | D:9      | Found a staircase to the Lair.
  4625 | D:9      | Found a bloodstained altar of Trog.
  4627 | D:9      | Noticed a wizard
  4633 | D:9      | Killed a wizard
  4876 | D:9      | Reached **** piety under Makhleb
  5060 | Lair:1   | Entered Level 1 of the Lair of Beasts
  5061 | Lair:1   | Noticed a spiny frog
  5071 | Lair:1   | Killed a spiny frog
  5071 | Lair:1   | Reached skill level 11 in Axes
  5098 | Lair:1   | Reached XP level 11. HP: 100/100 MP: 9/9
  5412 | Lair:1   | Noticed a four-headed hydra
  5425 | Lair:1   | Killed a seven-headed hydra
  5930 | Lair:2   | You fall into a shaft and drop 1 floor!
  5932 | Lair:3   | Noticed a five-headed hydra
  5977 | Lair:3   | Found a staircase to the Shoals.
  6010 | Lair:3   | Reached skill level 12 in Axes
  6072 | Lair:3   | Found a staircase to the Snake Pit.
  6230 | Lair:3   | Killed an eight-headed hydra
  6534 | Lair:3   | Noticed an oklob plant
  6534 | Lair:3   | Noticed an oklob plant
  6607 | Lair:3   | Reached XP level 12. HP: 57/110 MP: 11/11
  6936 | Lair:3   | Got a brightly glowing plate armour
  6947 | Lair:3   | Identified the +8 plate armour of Muemopso {Str+6 SInv}
                  | (You found it on level 3 of the Lair of Beasts)
  6967 | Lair:2   | Noticed an eight-headed hydra
  7012 | Lair:2   | Killed an 18-headed hydra
  7045 | Lair:2   | Noticed a four-headed hydra
  7057 | Lair:2   | Killed a four-headed hydra
  7057 | Lair:2   | Reached skill level 13 in Axes
  7066 | Lair:2   | Reached skill level 10 in Armour
  7146 | Lair:2   | Reached skill level 10 in Shields
  7791 | Lair:4   | Reached skill level 10 in Invocations
  8341 | Lair:5   | Found a viscous altar of Jiyva.
  8342 | Lair:5   | Found a staircase to the Slime Pits.
  8476 | Lair:5   | Reached ***** piety under Makhleb
  8502 | Lair:5   | Noticed a four-headed hydra
  8517 | Lair:5   | Killed a six-headed hydra
  8581 | Lair:5   | Noticed a four-headed hydra
  8591 | Lair:5   | Killed a seven-headed hydra
  9013 | Lair:6   | Entered Level 6 of the Lair of Beasts
  9121 | Lair:6   | Noticed a seven-headed hydra
  9126 | Lair:6   | Noticed a five-headed hydra
  9132 | Lair:6   | Reached XP level 13. HP: 64/121 MP: 11/11
  9139 | Lair:6   | Reached skill level 14 in Axes
  9314 | Lair:6   | Noticed a balrug
  9440 | D:10     | Entered Level 10 of the Dungeon
  9534 | D:10     | Found a staircase to the Orcish Mines.
  9593 | Orc:1    | Entered Level 1 of the Orcish Mines
  9679 | Orc:2    | Entered Level 2 of the Orcish Mines
  9679 | Orc:2    | Noticed Sonja
  9683 | Orc:2    | Found Loarehoi's Antique Armour Boutique.
  9731 | Orc:2    | Killed Sonja
  9748 | Orc:2    | Found Dosimnim's Antique Armour Shoppe.
  9800 | Orc:2    | Noticed an ettin
  9802 | Orc:2    | Found a staircase to the Elven Halls.
  9843 | Orc:2    | Killed an ettin
  9933 | Orc:2    | Found Hoosumuh's Assorted Antiques.
  9978 | Orc:2    | HP: 6/121 [orc sorcerer/bolt of negative energy (21)]
 10023 | Orc:2    | Gained mutation: Scrolls take you a little longer to read.
                  | [a neqoxec]
 10135 | Orc:2    | HP: 1/121 [orc priest/divine providence (7)]
 10135 | Orc:2    | Slain by an orc warrior

Levels and vault maps discovered:
D:1:      sevenhm_arrival_forest_fort_small_6, layout_basic,
          minmay_curled_crystal, minmay_crystal_water, minmay_misc_feat_iff,
          minmay_split_cup_large
D:2:      wander_river, layout_loops_ring, first_ration
D:3:      layout_loops_corners, uniq_sigmund
D:4:      layout_basic, minmay_fractal_squares_diagonal_5, uniq_natasha
D:5:      layout_gridville, minmay_temple_entry_antechambers, basic_altar
D:6:      layout_rooms, nicolae_ashenzari_panopticon, portal_sewer_entry_d,
          basic_altar, abandoned_shop
D:7:      layout_cave_pods, uniq_joseph
D:8:      layout_layer_cave, basic_altar, the_bakery, tso_metal_star
D:9:      layout_irregular_city, david_lair_shrubbed, basic_altar, trog_wizard
D:10:     lemuel_ice_statue, layout_cross, david_orc_3
Temple:   compressed_dpeg_circular_temple
Lair:1:   layout_chaotic_city, st_stairs_10, lemuel_fruit_fields
Lair:2:   layout_long_grid
Lair:3:   regret_index_harrowing_hell_hive, layout_hall_layers,
          elwin_shoals_entry_rocks
Lair:4:   layout_cave_pods, serial_bayou_shore_b, serial_bayou_shore_b,
          minmay_lair_oklob_chamber
Lair:5:   layout_gridlike, slime_altar_1
Lair:6:   evilmike_catoblepas_cave, layout_gridlike, special_room
          [special_room_mythical_zoo], lemuel_oklob_altar,
          infiniplex_staircase_pool, grunt_megastairs_3
Orc:1:    layout_diamond_mine
Orc:2:    st_orc_congregation, layout_caves, serial_shops,
          nicolae_shop_waterfront, shop, nicolae_shop_crystal, uniq_sonja

Skill      XL: |  1  2  3  4  5  6  7  8  9 10 11 12 13 |
---------------+----------------------------------------+-----
Fighting       | 3 4 5 6 7 8 9 |  9.5
Axes           | 3 4 5 6 8 9 11 12 13 14 | 14.8
Armour         | 4 5 6 7 8 9 10 11 | 11.3
Shields        | 4 5 6 7 8 9 10 11 | 11.2
Invocations    | 1 3 6 7 9 10 11 | 11.5

Action                   |  1- 3 |  4- 6 |  7- 9 | 10-12 | 13-15 || total
-------------------------+-------+-------+-------+-------+-------++-------
Melee: War axe           |    38 |    81 |   346 |   701 |   260 ||  1426
Invok: Lesser Servant of |       |       |       |    12 |     5 ||    17
       Greater Servant o |       |       |       |       |     2 ||     2
 Abil: Heal Wounds       |     1 |     3 |    17 |    17 |    34 ||    72
Evoke: Wand              |       |       |     5 |     8 |     4 ||    17
  Use: Scroll            |       |       |       |    23 |     5 ||    28
       Potion            |       |       |       |       |     2 ||     2
 Stab: Distracted        |       |       |       |       |     6 ||     6
       Paralysed         |       |       |       |       |     1 ||     1
  Eat: Chunk             |       |       |     9 |    14 |     3 ||    26
       Ration            |       |       |       |     3 |       ||     3
Armor: Scale mail        |     9 |    32 |    49 |       |       ||    90
       Chain mail        |       |       |   156 |   117 |       ||   273
       Plate armour      |       |       |       |   511 |   360 ||   871
Dodge: Dodged            |     8 |    21 |   111 |   274 |   184 ||   598
Block: Kite shield       |    19 |    43 |   282 |   671 |   369 ||  1384

Table legend:
 A = Non-vault XP
 B = Vault XP
 C = Vault XP percentage of total XP
 D = Non-vault monster count
 E = Vault monster count
 F = Vault count percentage of total count
                 A         B        C        D         E       F
            +---------+---------+-------+---------+---------+-------
      Total |   41626 |   12346 |  22.9 |     296 |      83 |  21.9
            +---------+---------+-------+---------+---------+-------
        D:1 |       2 |       0 |   0.0 |       1 |       0 |   0.0
        D:2 |       3 |       0 |   0.0 |       2 |       0 |   0.0
        D:3 |      17 |       0 |   0.0 |       2 |       0 |   0.0
        D:4 |     482 |     185 |  27.7 |      11 |       7 |  38.9
        D:5 |     586 |       0 |   0.0 |      19 |       0 |   0.0
        D:6 |     963 |      13 |   1.3 |      22 |       1 |   4.3
        D:7 |    1504 |     423 |  22.0 |      38 |       1 |   2.6
        D:8 |    3203 |     224 |   6.5 |      28 |       1 |   3.4
        D:9 |    1863 |     367 |  16.5 |      35 |       1 |   2.8
       D:10 |    1535 |     243 |  13.7 |      19 |       4 |  17.4
     Temple |     124 |       0 |   0.0 |       1 |       0 |   0.0
     Lair:1 |    3257 |     417 |  11.4 |      10 |       2 |  16.7
     Lair:2 |    4626 |       0 |   0.0 |      15 |       0 |   0.0
     Lair:3 |    6964 |    2959 |  29.8 |      25 |      27 |  51.9
     Lair:4 |    4587 |       0 |   0.0 |      20 |       0 |   0.0
     Lair:5 |    3737 |       0 |   0.0 |      14 |       0 |   0.0
     Lair:6 |    6237 |    3479 |  35.8 |      23 |       9 |  28.1
      Orc:1 |     436 |       0 |   0.0 |       5 |       0 |   0.0
      Orc:2 |    1500 |    4036 |  72.9 |       6 |      30 |  83.3
            +---------+---------+-------+---------+---------+-------
